 Dungeon Crawl Stone Soup version 0.25.1-2-g60ff931df9 (webtiles) character file.

Game seed: 16555171587446661962

30 Martska the Chucker (level 3, -4/37 HPs)
             Began as an Ogre Hunter on Oct 18, 2020.
             Slain by a sky beast (5 damage)
             ... on level 2 of the Dungeon.
             The game lasted 00:01:43 (2151 turns).

Martska the Chucker (Ogre Hunter)                   Turns: 2151, Time: 00:01:43

Health: -4/37      AC:  4    Str: 17    XL:     3   Next: 18%
Magic:  3/3        EV: 10    Int: 12    God:
Gold:   52         SH:  0    Dex:  9    Spells: 2/2 levels left

rFire    . . .     SeeInvis .   l - +0 whip
rCold    . . .     Gourm    .   (no shield)
rNeg     . . .     Faith    .   b - +1 robe
rPois    .         Spirit   .   (helmet restricted)
rElec    .         Reflect  .   (no cloak)
rCorr    .         Harm     .   (gloves unavailable)
MR       .....                  (boots unavailable)
Stlth    +.........             (no amulet)
HPRegen  0.12/turn              (no ring)
MPRegen  0.08/turn              (no ring)

@: no status effects
A: large, unfitting armour, tough skin 1
a: no special abilities


You were on level 2 of the Dungeon.
You were hungry.

You visited 1 branch of the dungeon, and saw 2 of its levels.

You collected 52 gold pieces.

Inventory:

Hand Weapons
 a - a +0 short sword
 i - a +0 club
 l - a +0 whip (weapon)
Missiles
 c - 8 large rocks (quivered)
 d - 2 throwing nets
 m - 23 poisoned darts
Armour
 b - a +1 robe (worn)
Scrolls
 h - 7 scrolls of identify {unknown}
 n - 3 scrolls of blinking {unknown}
Potions
 j - a potion of curing {unknown}
 k - a potion of berserk rage {unknown}
 o - a potion of flight {unknown}
Comestibles
 f - 2 rations


   Skills:
 * Level 3.5 Fighting
 * Level 0.8 Maces & Flails
 * Level 4.3 Throwing
 - Level 2.0 Dodging
 - Level 0.6 Stealth


You had 2 spell levels left.
You didn't know any spells.
Your spell library was empty.

Dungeon Overview and Level Annotations

Branches:
Dungeon (2/15)

Altars:
Fedhas
Yredelemnul


Innate Abilities, Weirdness & Mutations

You are too large for most types of armour.
You have tough skin. (AC +1)


Message History

You are too injured to fight recklessly!
You are too injured to fight recklessly!
You are too injured to fight recklessly!
You are too injured to fight recklessly!
You are too injured to fight recklessly!
You are too injured to fight recklessly!
As you read the scroll labeled FOCEAT SIAWIME, it crumbles to dust.
You hear a loud clanging noise!
It was a scroll of noise.
You hear an angry hiss.
You hear a bark! x4; You hear an angry hiss.
The sky beast hits you.
* * * LOW HITPOINT WARNING * * *
The sky beast shocks you.
* * * LOW HITPOINT WARNING * * *
As you read the scroll labeled DISEAZAICU, it crumbles to dust.
It is a scroll of enchant armour.
Your +0 robe glows green for a moment.
The sky beast hits you.
* * * LOW HITPOINT WARNING * * *
The sky beast shocks you.
You die...

#.#... ####.. #...#.
..... ##.#.. .....
+..... #... ..##.#..
#..# ........ #..#
#.##.##. #Y.# # #.##.
# #@.# #+# #....
.#.#.##..# #.# ###..
......o..# #.# ......
.........#
##.#########.
.###.###.###...#.##
#.
#......#.....#.######
#####..##...###......
#..###.## ##.####
#######.......###.##


You could see a sky beast and an orc.

Vanquished Creatures
  An ooze (D:1)
  A worm (D:2)
  A dart slug (D:2)
  A leopard gecko (D:1)
  2 goblins
  2 hobgoblins (D:1)
  5 bats (D:1)
  A frilled lizard (D:2)
  6 kobolds
  A rat (D:1)
21 creatures vanquished.

Notes
Turn   | Place    | Note
-------+----------+-------------------------------------------
     0 | D:1      | Martska the Ogre Hunter began the quest for the Orb.
     0 | D:1      | Reached XP level 1. HP: 22/22 MP: 1/1
   250 | D:1      | Reached XP level 2. HP: 18/31 MP: 2/2
  1597 | D:2      | Reached XP level 3. HP: 33/37 MP: 3/3
  1624 | D:2      | Found a blossoming altar of Fedhas.
  2095 | D:2      | Found a basalt altar of Yredelemnul.
  2145 | D:2      | Noticed a sky beast
  2151 | D:2      | HP: 1/37 [sky beast (3)]
  2151 | D:2      | Slain by a sky beast

Illustrated notes

Levels and vault maps discovered:
D:1:      dpeg_arrival_pond, layout_loops_ring, minmay_small_reverse_x
D:2:      layout_loops_corners, yredelemnul_altar_generic, first_ration,
          fedhas_altar_2

Skill      XL: |  1 |
---------------+----+-----
Fighting       | 3 |  3.5
Dodging        | 2 |  2.0
Maces & Flails | |  0.8
Throwing       | |  4.3
Stealth        | |  0.6

Action                   || total
-------------------------++-------
Melee: Short sword       ||    90
       Whip              ||    29
  Use: Scroll            ||     2
 Stab: Sleeping          ||     1
  Eat: Chunk             ||     3
Armor: Robe              ||    43
Dodge: Dodged            ||    80
